TOP OF THE 1ST |
---|
Nevada Noise batting - Pitching for El Dorado Oilers : RHP Francisco Ríos | Pitching: RHP Francisco Ríos | | Batting: RHB Pedro Rosado | 0-0: Hit by Pitch | Batting: SHB Víctor Serrano | 0-0: Swinging Strike 0-1: Ball 1-1: Ball 2-1: Swinging Strike 2-2: SINGLE (Flyball, 7S) Pedro Rosado to second Pedro Rosado to third | Batting: LHB Santiago Márquez | 0-0: Ball 1-0: Fly out, F7 (Flyball, 7LDF) Runner from 3rd tags up, SCORES, no throw | Batting: RHB Luis Cruz | 0-0: Grounds into double play, 5-4-3 (Groundball, 56) | Top of the 1st over - 1 run, 1 hit, 0 errors, 0 left on base; Nevada 1 - El Dorado 0 | BOTTOM OF THE 1ST |
---|
El Dorado Oilers batting - Pitching for Nevada Noise : RHP Dan Wilson | Pitching: RHP Dan Wilson | | Batting: LHB Mathew Clayton | 0-0: Called Strike 0-1: Ball 1-1: SOLO HOME RUN (Flyball, 89XD), Distance : 385 ft | Batting: SHB Theron Harper | 0-0: Bunted foul 0-1: Ball 1-1: SINGLE (Line Drive, 56) | Batting: LHB José Hernández | 0-0: Ball 1-0: Called Strike 1-1: Ball 2-1: Called Strike 2-2: SINGLE (Line Drive, 34) Theron Harper to second Runner from 2nd tries for 3rd, SAFE, no throw | Batting: RHB Ernesto Acosta | 0-0: Foul Ball, location: 2F 0-1: Ball 1-1: Fly out, F9 (Flyball, 9S) | Batting: LHB Chris Miller | 0-0: Called Strike 0-1: Called Strike 0-2: Strikes out looking | Batting: RHB Juan Mendoza | 0-0: Foul Ball, location: 2F 0-1: Foul Ball, location: 2F 0-2: Ball 1-2: Ground out 5-3 (Groundball, 56S) | Bottom of the 1st over - 1 run, 3 hits, 0 errors, 2 left on base; Nevada 1 - El Dorado 1 | TOP OF THE 2ND |
---|
Nevada Noise batting - Pitching for El Dorado Oilers : RHP Francisco Ríos | Batting: LHB Pablo Reyes | 0-0: Called Strike 0-1: Ball 1-1: Called Strike 1-2: Strikes out swinging | Batting: RHB Rich Ruffin | 0-0: Foul Ball, location: 2F 0-1: Fly out, F5 (Popup, 5F) | Batting: LHB Milton Watson | 0-0: Ball 1-0: Foul Ball, location: 2F 1-1: Ball 2-1: Swinging Strike 2-2: Ball 3-2: Foul Ball, location: 2F 3-2: Foul Ball, location: 2F 3-2: Ground out 4-3 (Groundball, 4) | Top of the 2nd over - 0 runs, 0 hits, 0 errors, 0 left on base; Nevada 1 - El Dorado 1 | BOTTOM OF THE 2ND |
---|
El Dorado Oilers batting - Pitching for Nevada Noise : RHP Dan Wilson | Batting: RHB José Carlos Caraballo | 0-0: Swinging Strike 0-1: DOUBLE (Line Drive, 89D) | Batting: RHB Bob Johnson | 0-0: Called Strike 0-1: Fly out, F8 (Flyball, 8LXD) Runner from 2nd tags up, SAFE at 3rd, no throw | Batting: RHB Carlos Vásquez | 0-0: Called Strike 0-1: Ball 1-1: Ground out 6-3 (Groundball, 6) José Carlos Caraballo scores | Batting: LHB Mathew Clayton | 0-0: Ball 1-0: Ball 2-0: Fly out, F7 (Line Drive, 7) | Bottom of the 2nd over - 1 run, 1 hit, 0 errors, 0 left on base; Nevada 1 - El Dorado 2 | TOP OF THE 3RD |
---|
Nevada Noise batting - Pitching for El Dorado Oilers : RHP Francisco Ríos | Batting: RHB Fernando Gálvez | 0-0: Called Strike 0-1: Foul Ball, location: 2F 0-2: Ball 1-2: Ball 2-2: Ball 3-2: SINGLE (Groundball, 34D) | Batting: RHB Bill Mark | 0-0: Ball 1-0: Called Strike 1-1: Ball 2-1: Foul Ball, location: 2F 2-2: SINGLE (Line Drive, 78S) Fernando Gálvez to second | Batting: RHB Pedro Rosado | 0-0: Foul Ball, location: 2F 0-1: Ball 1-1: Foul Ball, location: 2F 1-2: Ball Wild Pitch! Fernando Gálvez to third Bill Mark to second 2-2: DOUBLE (Flyball, 89D) Fernando Gálvez scores Bill Mark scores | Batting: SHB Víctor Serrano | 0-0: Ball 1-0: Foul Ball, location: 2F 1-1: 2-RUN HOME RUN (Flyball, 9LD), Distance : 376 ft | Batting: LHB Santiago Márquez | 0-0: Foul Ball, location: 2F 0-1: Ball 1-1: Foul Ball, location: 2F 1-2: Foul Ball, location: 2F 1-2: Fly out, F9 (Flyball, 9LS) | Batting: RHB Luis Cruz | 0-0: Ball 1-0: Ball 2-0: Ball 3-0: Called Strike 3-1: Base on Balls | Batting: LHB Pablo Reyes | 0-0: Called Strike 0-1: Ball 1-1: Ball 2-1: Called Strike 2-2: 2-RUN HOME RUN (Line Drive, 9D), Distance : 383 ft | Batting: RHB Rich Ruffin | 0-0: Ball 1-0: Ball 2-0: Swinging Strike 2-1: Called Strike 2-2: Strikes out swinging | Batting: LHB Milton Watson | 0-0: Ball 1-0: Swinging Strike 1-1: Called Strike 1-2: Strikes out swinging | Top of the 3rd over - 6 runs, 5 hits, 0 errors, 0 left on base; Nevada 7 - El Dorado 2 | BOTTOM OF THE 3RD |
---|
El Dorado Oilers batting - Pitching for Nevada Noise : RHP Dan Wilson | Batting: SHB Theron Harper | 0-0: Foul Ball, location: 2F 0-1: Ball 1-1: Swinging Strike 1-2: SINGLE (Flyball, 7LS) | Batting: LHB José Hernández | 0-0: Swinging Strike 0-1: Called Strike 0-2: Strikes out swinging | Batting: RHB Ernesto Acosta | 0-0: Ball 1-0: Called Strike 1-1: Called Strike 1-2: Strikes out swinging | Batting: LHB Chris Miller | 0-0: Ground out 3-1 (Groundball, 23) | Bottom of the 3rd over - 0 runs, 1 hit, 0 errors, 1 left on base; Nevada 7 - El Dorado 2 | TOP OF THE 4TH |
---|
Nevada Noise batting - Pitching for El Dorado Oilers : RHP Francisco Ríos | Batting: RHB Fernando Gálvez | 0-0: Ball 1-0: Ball 2-0: Called Strike 2-1: Ball 3-1: Base on Balls | Batting: RHB Bill Mark | 0-0: Ball 1-0: Called Strike 1-1: Called Strike 1-2: Ball 2-2: SINGLE (Groundball, 6MD) Fernando Gálvez to second | Batting: RHB Pedro Rosado | 0-0: Fly out, F8 (Flyball, 8LM) | Batting: SHB Víctor Serrano | 0-0: Called Strike 0-1: Ball 1-1: Ball 2-1: Grounds into double play, 4-6-3 (Groundball, 4) | Top of the 4th over - 0 runs, 1 hit, 0 errors, 1 left on base; Nevada 7 - El Dorado 2 | BOTTOM OF THE 4TH |
---|
El Dorado Oilers batting - Pitching for Nevada Noise : RHP Dan Wilson | Batting: RHB Juan Mendoza | 0-0: Swinging Strike 0-1: Swinging Strike 0-2: Strikes out swinging | Batting: RHB José Carlos Caraballo | 0-0: Ground out 5-3 (Groundball, 56) | Batting: RHB Bob Johnson | 0-0: Called Strike 0-1: Called Strike 0-2: Foul Ball, location: 2F 0-2: Ball 1-2: Ball 2-2: SINGLE (Groundball, 56D) | Batting: RHB Carlos Vásquez | 0-0: Called Strike 0-1: Ground out 1-3 (Groundball, 13) | Bottom of the 4th over - 0 runs, 1 hit, 0 errors, 1 left on base; Nevada 7 - El Dorado 2 | TOP OF THE 5TH |
---|
Nevada Noise batting - Pitching for El Dorado Oilers : RHP Francisco Ríos | Pitching: RHP Mitch Brown | | Batting: LHB Santiago Márquez | 0-0: Ball 1-0: Swinging Strike 1-1: Ball 2-1: Called Strike 2-2: Foul Ball, location: 2F 2-2: Ball 3-2: Base on Balls | Batting: RHB Luis Cruz | 0-0: Ball 1-0: Ball 2-0: Grounds into double play, 4-6-3 (Groundball, 4) | Batting: LHB Pablo Reyes | 0-0: Ball 1-0: Ball 2-0: SINGLE (Line Drive, 78S) | Batting: RHB Rich Ruffin | 0-0: Called Strike 0-1: Ball 1-1: Foul Ball, location: 2F 1-2: DOUBLE (Line Drive, 8RD) Pablo Reyes to third | Batting: LHB Milton Watson | 0-0: Ball 1-0: Foul Ball, location: 2F 1-1: Foul Ball, location: 2F 1-2: Ball 2-2: Ball 3-2: Foul Ball, location: 2F 3-2: Ground out 4-3 (Groundball, 34) | Top of the 5th over - 0 runs, 2 hits, 0 errors, 2 left on base; Nevada 7 - El Dorado 2 | BOTTOM OF THE 5TH |
---|
El Dorado Oilers batting - Pitching for Nevada Noise : RHP Dan Wilson | Batting: LHB Mathew Clayton | 0-0: Called Strike 0-1: Foul Ball, location: 2F 0-2: Foul Ball, location: 2F 0-2: Ground out U3 (Groundball, 3S) | Batting: SHB Theron Harper | 0-0: Ball 1-0: Ball 2-0: Ground out 6-3 (Groundball, 6) | Batting: LHB José Hernández | 0-0: Ball 1-0: Ball 2-0: Ball 3-0: Base on Balls | Batting: RHB Ernesto Acosta | 0-0: Swinging Strike 0-1: Called Strike 0-2: Foul Ball, location: 2F 0-2: Fly out, F7 (Flyball, 7S) | Bottom of the 5th over - 0 runs, 0 hits, 0 errors, 1 left on base; Nevada 7 - El Dorado 2 | TOP OF THE 6TH |
---|
Nevada Noise batting - Pitching for El Dorado Oilers : RHP Mitch Brown | Batting: RHB Fernando Gálvez | 0-0: Called Strike 0-1: Ball 1-1: Ball 2-1: Ball 3-1: Ground out 5-3 (Groundball, 56) | Batting: RHB Bill Mark | 0-0: Swinging Strike 0-1: Ball 1-1: SINGLE (Line Drive, 78S) | Batting: RHB Pedro Rosado | 0-0: Ball 1-0: Foul Ball, location: 2F 1-1: Fly out, F6 (Popup, P) | Batting: SHB Víctor Serrano | 0-0: Foul Ball, location: 2F 0-1: Ball 1-1: SINGLE (Line Drive, 4D) Bill Mark to second Runner from 2nd tries for 3rd, SAFE, throw made to third | Batting: LHB Santiago Márquez | 0-0: Ball 1-0: Foul Ball, location: 2F 1-1: Ball 2-1: Foul Ball, location: 2F 2-2: Foul Ball, location: 2F 2-2: Ball 3-2: SINGLE (Line Drive, 89M) Bill Mark scores Víctor Serrano to second Víctor Serrano to third | Batting: RHB Luis Cruz | 0-0: Ball 1-0: Ball 2-0: Called Strike 2-1: SINGLE (Groundball, 6MD) Víctor Serrano scores Santiago Márquez to second | Batting: LHB Pablo Reyes | 0-0: Ball 1-0: Fielders Choice at 2nd, U4 (Groundball, 4M) | Top of the 6th over - 2 runs, 4 hits, 0 errors, 2 left on base; Nevada 9 - El Dorado 2 | BOTTOM OF THE 6TH |
---|
El Dorado Oilers batting - Pitching for Nevada Noise : RHP Dan Wilson | Batting: LHB Chris Miller | 0-0: Ball 1-0: Foul Ball, location: 2F 1-1: Ball 2-1: Ball 3-1: Ground out 6-3 (Groundball, 6S) | Batting: RHB Juan Mendoza | 0-0: Swinging Strike 0-1: Swinging Strike 0-2: Strikes out looking | Batting: RHB José Carlos Caraballo | 0-0: Ball 1-0: Ball 2-0: Called Strike 2-1: Ball 3-1: Ground out 4-3 (Groundball, 4) | Bottom of the 6th over - 0 runs, 0 hits, 0 errors, 0 left on base; Nevada 9 - El Dorado 2 | TOP OF THE 7TH |
---|
Nevada Noise batting - Pitching for El Dorado Oilers : RHP Mitch Brown | Batting: RHB Rich Ruffin | 0-0: Called Strike 0-1: Foul Ball, location: 2F 0-2: Ball 1-2: Ball 2-2: Foul Ball, location: 2F 2-2: Ball 3-2: Base on Balls | Pitching: RHP César López | | Batting: LHB Milton Watson | 0-0: Ball 1-0: Called Strike 1-1: Ball 2-1: Called Strike 2-2: Strikes out swinging | Batting: RHB Fernando Gálvez | 0-0: Ball 1-0: Ball 2-0: Foul Ball, location: 2F 2-1: Foul Ball, location: 2F 2-2: Ball 3-2: Grounds into double play, 4-6-3 (Groundball, 4M) | Top of the 7th over - 0 runs, 0 hits, 0 errors, 0 left on base; Nevada 9 - El Dorado 2 | BOTTOM OF THE 7TH |
---|
El Dorado Oilers batting - Pitching for Nevada Noise : RHP Dan Wilson | Batting: RHB Bob Johnson | 0-0: Foul Ball, location: 2F 0-1: Ball 1-1: Called Strike 1-2: Foul Ball, location: 2F 1-2: Ball 2-2: SINGLE (Line Drive, 8RS) | Batting: RHB Carlos Vásquez | 0-0: Ball 1-0: Foul Ball, location: 2F 1-1: Grounds into double play, 4-6-3 (Groundball, 4) | Batting: LHB Mathew Clayton | 0-0: Foul Ball, location: 2F 0-1: Swinging Strike 0-2: Ball 1-2: Ball 2-2: Ball 3-2: Foul Ball, location: 2F 3-2: Base on Balls | Pitching: RHP Manuel González | | Batting: SHB Theron Harper | 0-0: Called Strike 0-1: Foul Ball, location: 2F 0-2: Ball Mathew Clayton steals 2nd base 1-2: Foul Ball, location: 2F 1-2: SINGLE (Groundball, 4D) Mathew Clayton to third Runner from 3rd tries for Home, SAFE, throw made home | Batting: LHB José Hernández | 0-0: Ball 1-0: Called Strike 1-1: Swinging Strike 1-2: Foul Ball, location: 2F 1-2: Strikes out swinging | Bottom of the 7th over - 1 run, 2 hits, 0 errors, 1 left on base; Nevada 9 - El Dorado 3 | TOP OF THE 8TH |
---|
Nevada Noise batting - Pitching for El Dorado Oilers : RHP César López | Batting: RHB Bill Mark | 0-0: SOLO HOME RUN (Flyball, 7LD), Distance : 351 ft | Batting: RHB Pedro Rosado | 0-0: Fly out, F7 (Flyball, 7S) | Batting: SHB Víctor Serrano | 0-0: Ground out U3 (Groundball, 3) | Batting: LHB Santiago Márquez | 0-0: Ball 1-0: Called Strike 1-1: Foul Ball, location: 2F 1-2: Ball 2-2: Ball 3-2: Ground out 4-3 (Groundball, 34D) | Top of the 8th over - 1 run, 1 hit, 0 errors, 0 left on base; Nevada 10 - El Dorado 3 | BOTTOM OF THE 8TH |
---|
El Dorado Oilers batting - Pitching for Nevada Noise : RHP Manuel González | Batting: RHB Ernesto Acosta | 0-0: Ball 1-0: Ground out 6-3 (Groundball, 6) | Batting: LHB Chris Miller | 0-0: Ball 1-0: Called Strike 1-1: Foul Ball, location: 2F 1-2: Ground out 3-1 (Groundball, 34) | Batting: RHB Juan Mendoza | 0-0: Ball 1-0: Ball 2-0: Ball 3-0: Called Strike 3-1: Called Strike 3-2: Fly out, F2 (Popup, 3SF) | Bottom of the 8th over - 0 runs, 0 hits, 0 errors, 0 left on base; Nevada 10 - El Dorado 3 | TOP OF THE 9TH |
---|
Nevada Noise batting - Pitching for El Dorado Oilers : RHP César López | Batting: RHB Luis Cruz | 0-0: Called Strike 0-1: Ball 1-1: Foul Ball, location: 2F 1-2: Ball 2-2: Strikes out swinging | Batting: LHB Pablo Reyes | 0-0: Ball 1-0: Ball 2-0: Called Strike 2-1: Called Strike 2-2: Fly out, F8 (Flyball, 8RS) | Batting: RHB Rich Ruffin | 0-0: Ball 1-0: Ball 2-0: Ball 3-0: Base on Balls | Batting: LHB Milton Watson | 0-0: Ball 1-0: Swinging Strike 1-1: Called Strike 1-2: Ball 2-2: Foul Ball, location: 2F 2-2: Strikes out swinging | Top of the 9th over - 0 runs, 0 hits, 0 errors, 1 left on base; Nevada 10 - El Dorado 3 | BOTTOM OF THE 9TH |
---|
El Dorado Oilers batting - Pitching for Nevada Noise : RHP Manuel González | Batting: RHB José Carlos Caraballo | 0-0: Ground out 1-3 (Groundball, P) | Batting: RHB Bob Johnson | 0-0: Ball 1-0: Called Strike 1-1: SINGLE (Groundball, 6D) | Batting: RHB Carlos Vásquez | 0-0: Foul Ball, location: 2F 0-1: Called Strike 0-2: Grounds into double play, 6-4-3 (Groundball, 6) | Bottom of the 9th over - 0 runs, 1 hit, 0 errors, 0 left on base; Nevada 10 - El Dorado 3 | |